 Dungeon Sprint DCSS version 0.24.0-123-gd5b16e6ec5 (webtiles) character file.

Game seed: 2142407818892182632, levelgen mode: deterministic

170 McKennaii the Destroyer (level 5, -1/57 HPs)
             Began as a Draconian Conjurer on Jan 26, 2020.
             Slain by a hippogriff (4 damage)
             ... in the Dungeon (Sprint II: "The Violet Keep of Menkaure").
             The game lasted 00:00:18 (22 turns).

McKennaii the Destroyer (Draconian Conjurer)          Turns: 22, Time: 00:00:19

Health: -1/57      AC:  5    Str: 15    XL:     5   Next: 25%
Magic:  3/11       EV: 13    Int: 16    God:
Gold:   0          SH:  0    Dex: 12    Spells: 12/13 levels left

rFire    . . .     SeeInvis .   (no weapon)
rCold    . . .     Gourm    .   (no shield)
rNeg     . . .     Faith    .   (armour unavailable)
rPois    .         Spirit   .   (helmet restricted)
rElec    .         Reflect  .   (no cloak)
rCorr    .         Harm     .   (no gloves)
MR       .....     NoTele   +   (no boots)
Stlth    ..........             (no amulet)
HPRegen  0.19/turn              (no ring)
MPRegen  0.12/turn              (no ring)

@: berserking (expiring), very quick
A: unfitting armour, cold-blooded, AC +5
a: no special abilities


You were in the Dungeon.
You were not hungry.

You visited 1 branch

Inventory:

Scrolls
 h - a scroll of blinking
Potions
 c - a potion of curing
 d - a potion of heal wounds
 e - a potion of haste
 f - 2 potions of magic
Comestibles
 b - a ration


   Skills:
 + Level 3.0 Dodging
 + Level 3.1 Stealth
 * Level 4.5 Spellcasting
 + Level 9.8 Conjurations


You had 12 spell levels left.
You knew the following spells:

 Your Spells              Type           Power        Failure   Level  Hunger
a - Magic Dart            Conj           ####         1%          1    None

Your spell library contained the following spells:

 Spells                   Type           Power        Failure   Level  Hunger
 Searing Ray              Conj           #####.       1%          2    ##.....
 Iskenderun's Mystic Bla  Conj           #####...     2%          4    ####...
 Dazzling Spray           Conj/Hex       ###...       6%          3    ###....
 Force Lance              Conj/Tloc      ###.....     22%         4    ####...
 Fulminant Prism          Conj/Hex       ###.......   22%         4    ####...


Dungeon Overview and Level Annotations

Branches:
Dungeon (1/1)

Altars:


Innate Abilities, Weirdness & Mutations

Your plain brown scales are hard. (AC +5)
You cannot fit into any form of body armour.
You are cold-blooded and may be slowed by cold attacks.


Message History

You kill the hippogriff!
Your Dodging skill gained 2 levels and is now at level 3!
Your Stealth skill gained 2 levels and is now at level 3!
Your Spellcasting skill gained 2 levels and is now at level 4!
Your Conjurations skill gained 5 levels and is now at level 9!
You have reached level 2!
You have reached level 3!
Your experience leads to an increase in your attributes!
Your base attributes are Str 10, Int 15, Dex 11.
Increase (S)trength, (I)ntelligence, or (D)exterity?
You feel clever.
Your scales feel tougher.
You have reached level 4!
You feel agile.
You have reached level 5!
You hit the hippogriff but do no damage.
You hit the hippogriff but do no damage.
You tail-slap the hippogriff!
The hippogriff is moderately wounded.
The hippogriff bites you.
You die...

## ## ##.
.## .. w. #
w#$ # ##w
#+# .#
#.w.##.##.#
#+.<@H#
#.##.##.#
#w #+# .# #
.## # 3# ##


You could see a hippogriff.

Vanquished Creatures
  A hippogriff (D)
1 creature vanquished.

Notes
Turn   | Place    | Note
-------+----------+-------------------------------------------
     0 | D        | McKennaii the Draconian Conjurer began the quest for the
                  | Orb.
     0 | D        | Reached XP level 1. HP: 14/14 MP: 3/3
     5 | D        | Noticed a tyrant leech
     5 | D        | Noticed a tyrant leech
     9 | D        | Noticed a neqoxec
    13 | D        | Noticed a hippogriff
    13 | D        | Noticed a hippogriff
    19 | D        | HP: 1/21 [hippogriff (8)]
    20 | D        | Killed a hippogriff
    20 | D        | Reached skill level 9 in Conjurations
    20 | D        | Reached XP level 2. HP: 1/20 MP: 3/7
    20 | D        | Reached XP level 3. HP: 2/26 MP: 3/9
    20 | D        | Reached XP level 4. HP: 2/33 MP: 3/10
    20 | D        | Reached XP level 5. HP: 3/38 MP: 3/11
    22 | D        | Slain by a hippogriff

Levels and vault maps discovered:
D:        the_violet_keep_of_menkaure [sprint2_stairs_cluster_1,
          sprint2_shoproom, sprint2_temple, sprint2_basic_supplies,
          sprint2_obstacle_5, sprint2_obstacle_6, sprint2_obstacle_7,
          sprint2_obstacle_3, sprint2_obstacle_1, sprint2_timed_cluster_1,
          sprint2_smallroom_cluster_1, sprint2_smallroom_final_cluster_1,
          sprint2_transparent_cluster_1, sprint2_second_timed_cluster_1,
          sprint2_sniper_area_1, sprint2_heavy_combat_area_1,
          sprint2_mutation_trap_area_1, sprint2_forest_area_1,
          sprint2_light_combat_area_1, sprint2_behind_water_1,
          sprint2_near_end_vault_1]

Skill      XL: |  1 |
---------------+----+-----
Dodging        | 3 |  3.0
Stealth        | 3 |  3.1
Spellcasting   | 4 |  4.5
Conjurations   | 9 |  9.8

Action                   |  1- 3 |  4- 6 || total
-------------------------+-------+-------++-------
Melee: Unarmed           |     6 |     2 ||     8
       Tailslap          |     2 |     1 ||     3
  Use: Potion            |     1 |       ||     1
Armor: Skin              |     2 |       ||     2
Dodge: Dodged            |     3 |       ||     3
